 Dungeon Crawl Stone Soup version 0.31-b1-22-gc680215f68 (webtiles) character file.

Game seed: 18265804773421923921

4 Esekla the Sneak (level 1, 0/16 HPs)
             Began as an Octopode Delver on Jan 19, 2024.
             Slain by an adder (3 damage)
             ... on level 4 of the Dungeon.
             The game lasted 00:02:33 (196 turns).

Esekla the Sneak (Octopode Delver)                   Turns: 196, Time: 00:02:34

Health: 0/16       AC:  1    Str: 11    XL:     1   Next: 60%
Magic:  1/1        EV: 13    Int: 12    God:
Gold:   0          SH:  0    Dex: 13    Spells: 0/0 levels left

rFire   . . .        a - +0 falchion
rCold   . . .        (no shield)
rNeg    . . .        (helmet restricted)
rPois   .            (no amulet)
rElec   .            c - ring of resist corrosion
rCorr   +            (no ring)
SInv    .            (no ring)
Will    .....        (no ring)
Stlth   ++++         (no ring)
HPRegen 0.22/turn    (no ring)
MPRegen 0.07/turn    (no ring)
                     (no ring)

%: no passive effects
@: no status effects
A: almost no armour, amphibious, 8 rings, camouflage 1, gelatinous body 1,
(nimble swimmer 1), tentacles
a: no special abilities


You were on level 4 of the Dungeon.
You visited 1 branch of the dungeon, and saw 3 of its levels.

Inventory:

Hand Weapons
 a - a +0 falchion (weapon)
Jewellery
 c - a ring of resist corrosion (left tentacle)
Wands
 f - a wand of digging (3)
Scrolls
 b - a scroll of fog
 d - a scroll of fear
 g - 2 scrolls of identify {unknown}
 h - a scroll of noise {unknown}
 i - a scroll of amnesia {unknown}
Potions
 e - a potion of haste


   Skills:
 * Level 3.0 Fighting
 * Level 2.0 Long Blades
 * Level 2.0 Dodging
 + Level 6.7 Stealth
 * Level 0.1 Spellcasting


You couldn't memorise any spells.
You didn't know any spells.
Your spell library was empty.

Dungeon Overview and Level Annotations

Branches:
Dungeon (6/15)
 Temple: D:4-7

Altars:

Shops:
D:5 =

Annotations:
D:5 Sigmund
D:6 Eustachio


Innate Abilities, Weirdness & Mutations

You cannot wear most types of armour.
You are amphibious.
You can wear up to eight rings at the same time.
Your skin changes colour to match your surroundings (Stealth+).
Your rubbery body absorbs attacks. (AC +1, EV +1)
((You are camouflaged when in or above water. (Stealth+)))
You have tentacles for arms and can constrict up to eight enemies at once.


Message History

There is a stone staircase leading down here.
Sigmund the Dreaded comes into view.
He is wielding a +0 scythe.
There is a stone staircase leading up here.
You climb upwards.
There is a stone staircase leading down here.
Found a pair of boots.
An orc comes into view. It is wielding a +0 war axe.
The orc shouts!
You hear an angry hiss.
The orc completely misses you.
You hit the orc but do no damage. Your grab misses the orc.
You squeeze the orc.
The orc is lightly wounded.
The orc barely misses you.
You barely miss the orc. Your grab misses the orc.
The orc is lightly wounded.
The orc hits you with a +0 war axe.
You hit the orc but do no damage. Your grab misses the orc.
The orc is lightly wounded.
An adder comes into view.
The orc hits you with a +0 war axe!
Ouch! That really hurt!
* * * LOW HITPOINT WARNING * * *
You barely miss the orc. You grab the orc.
The orc is lightly wounded.
You constrict the orc, but do no damage.
The orc misses you.
You hit the orc but do no damage.
The orc is lightly wounded.
You constrict the orc. The orc barely misses you.
The orc hits you with a +0 war axe.
* * * LOW HITPOINT WARNING * * *
You hit the orc.
The orc is heavily wounded.
You constrict the orc.
You kill the orc!
The adder barely misses you.
You hit the adder. Your grab misses the adder.
The adder is heavily wounded.
The adder bites you.
You die...

#..###.#
##>#...# #.
#....# #.
#.#.### #.
#.#...###
##.
..###...##..
### ###..#.#
##.#S# #.@.#
#.### #.#
###


You could see an adder.

Vanquished Creatures
  2 orcs
2 creatures vanquished.

Notes
Turn   | Place    | Note
-------+----------+-------------------------------------------
     0 | D:5      | Esekla the Octopode Delver began the quest for the Orb.
     0 | D:5      | Reached XP level 1. HP: 16/16 MP: 1/1
    27 | D:5      | Noticed an orc priest
    27 | D:5      | Noticed a hound
    42 | D:5      | Found Xecetef's Jewellery Shop.
    92 | D:6      | Noticed a scorpion
   133 | D:6      | Noticed Eustachio
   135 | D:6      | Noticed an orc wizard
   177 | D:5      | Noticed Sigmund
   196 | D:4      | Slain by an adder

Illustrated notes

Levels and vault maps discovered:
D:4:      layout_rooms, minmay_temple_entry_glassed_door, kennysheep_orc_chapel
D:5:      mumra_celtic_spiral_tile, layout_cave_pools, serial_shops, shop,
          uniq_crazy_yiuf_cottage, uniq_sigmund, uniq_edmund
D:6:      layout_rooms, mainiacjoe_overflow_two_lobes, hangedman_decor_points,
          hex_medium, serial_bayou_lagoon_b, uniq_eustachio

Action                     || total
---------------------------++-------
  Melee: Falchion          ||     8
         Constrict         ||     1
         Tentacles         ||     1
    Use: Scroll            ||     1
 Armour: Skin              ||     4
  Dodge: Dodged            ||     5
